 Dungeon Crawl Stone Soup version 0.31-a0-460-g9e667d4245 (webtiles) character file.

Game seed: 3449969111275750050

51 Ofeo the Ruffian (level 3, -1/33 HPs)
             Began as a Troll Shapeshifter on Aug 4, 2023.
             Slain by Grinder (5 damage)
             ... while paralysed by Grinder
             ... on level 3 of the Dungeon.
             The game lasted 00:01:35 (2124 turns).

Ofeo the Ruffian (Troll Shapeshifter)               Turns: 2124, Time: 00:01:36

Health: -1/33      AC:  4    Str: 25    XL:     3   Next: 58%
Magic:  2/2        EV:  1    Int:  4    God:
Gold:   56         SH:  0    Dex: 10    Spells: 2/2 levels left

rFire   . .          .
                       - Unarmed
rCold   . . .        (no shield)
rNeg    . . .        a - +0 animal skin
rPois   .            (helmet currently unavailable)
rElec   .            (cloak currently unavailable)
rCorr   .            (gloves unavailable)
SInv    +            (boots unavailable)
Will    .....        (no amulet)
Stlth   +            d - ring of see invisible
HPRegen 1.05/turn    (no ring)
MPRegen 0.08/turn

%: no passive effects
@: paralysed, beast-form
A: beast (slay +2), large, unfitting armour, claws 3, regeneration 1, shaggy fur
1, tough skin 1
a: Begin Untransformation


You were on level 3 of the Dungeon.
You were a hulking beast.
You visited 1 branch of the dungeon, and saw 3 of its levels.

You collected 56 gold pieces.

Inventory:

Armour
 a - a +0 animal skin (worn)
 i - a +0 hat
Jewellery
 d - a ring of see invisible (left claw)
Talismans
 c - a beast talisman (active)
Scrolls
 e - 4 scrolls of identify {unknown}
 h - a scroll of enchant armour {unknown}
 j - a scroll of enchant weapon {unknown}
 l - 2 scrolls of immolation {unknown}
 m - a scroll of blinking {unknown}
Potions
 b - 2 potions of lignification
 f - a potion of might {unknown}
 g - a potion of heal wounds {unknown}
 k - 4 potions of attraction {unknown}


   Skills:
 + Level 1.5 Fighting
 + Level 2.1 Dodging
 + Level 3.4 Unarmed Combat
 + Level 3.3 Shapeshifting


You had 2 spell levels left.
You didn't know any spells.
Your spell library was empty.

Dungeon Overview and Level Annotations

Branches:
Dungeon (3/15)

Altars:

Annotations:
D:3 Grinder


Innate Abilities, Weirdness & Mutations

You are a hulking beast.
Your limbs bulge with bestial killing power. (Slay +2)
You are too large for most types of armour.
You have claws for hands.
Your natural rate of healing is unusually fast.
You are covered in fur. (AC +1)
You have tough skin. (AC +1)


Message History

Grinder is nearby!
You closely miss Grinder. You claw Grinder!
Grinder is moderately wounded.
Grinder hits you.
You writhe in agony.
You take 9 damage, and have 24/33 hp.
MASSIVE DAMAGE!!
You barely miss Grinder.
Grinder is moderately wounded.
Grinder says, "Wait up."
Grinder blinks!
You claw Grinder!
Grinder is severely wounded.
Grinder gestures at you. Pain shoots through your body!
You take 1 damage, and have 25/33 hp.
You closely miss Grinder.
Grinder is severely wounded.
Grinder blinks!
Grinder says, "Don't move a muscle."
You scratch Grinder but do no damage.
Grinder is severely wounded.
Grinder hits you.
You writhe in agony.
You take 8 damage, and have 19/33 hp.
MASSIVE DAMAGE!!
You are too injured to fight recklessly!
You are too injured to fight recklessly!
You are too injured to fight recklessly!
You are too injured to fight recklessly!
You are too injured to fight recklessly!
You are too injured to fight recklessly!
You closely miss Grinder. You claw Grinder, but do no damage.
Grinder is severely wounded.
Grinder gestures at you.
You suddenly lose the ability to move!
Grinder says, "I used to sell toenails on the black market."
Grinder hits you!
You writhe in agony.
* * * LOW HITPOINT WARNING * * *
Grinder hits you!
* * * LOW HITPOINT WARNING * * *
Grinder hits you.
You die...

.... #.# #..# # #.#
## .# #.# ##.#
#.#### #.# .....
....# #.##
...#.#..#.# #..#
##....#.#.# ##.#
.......5#.# #.#
.......h#.# #.#
.#####....#######.#
#............#
+..#.#########
#..#.# #..#.#
...#.# ......#
########


You could see Grinder.

Vanquished Creatures
  2 worms (D:2)
  A dart slug (D:1)
  An orc (D:2)
  4 bats
  An endoplasm (D:1)
  2 giant cockroaches (D:1)
  3 goblins
  3 hobgoblins
  6 jackals
  3 quokkas
  4 frilled lizards
  3 kobolds (D:1)
  6 rats
39 creatures vanquished.

Notes
Turn   | Place    | Note
-------+----------+-------------------------------------------
     0 | D:1      | Ofeo the Troll Shapeshifter began the quest for the Orb.
     0 | D:1      | Reached XP level 1. HP: 18/18 MP: 0/0
   244 | D:1      | Reached skill level 1 in Fighting
   387 | D:1      | Reached XP level 2. HP: 27/27 MP: 1/1
   413 | D:1      | Found a faded altar of an unknown god.
  1342 | D:2      | Reached XP level 3. HP: 32/33 MP: 2/2
  2109 | D:3      | Noticed Grinder
  2121 | D:3      | Paralysed by Grinder for 5 turns
  2124 | D:3      | Slain by Grinder

Illustrated notes

Levels and vault maps discovered:
D:1:      elethiomel_arrival_shortcut, layout_basic,
          shapermc_ecumenical_altar_mp_ritualfount
D:2:      layout_loops_ring
D:3:      layout_loops_ring, nicolae_overflow_ecumenical_swirl,
          kb_xom_exploding_sheep, cheibrodos_sewer_entry_sluice, serial_shops,
          nicolae_shop_rolled_up, uniq_grinder

Skill      XL: |  1  2 |
---------------+-------+-----
Fighting       | 1 |  1.5
Dodging        | 2 |  2.1
Unarmed Combat | |  3.4
Shapeshifting  | |  3.3

Action                     || total
---------------------------++-------
  Melee: Unarmed           ||   112
         Punch             ||     2
   Stab: Sleeping          ||     1
 Armour: Animal skin       ||    26
  Dodge: Dodged            ||    43

Table legend: (Time is in decaauts)
 A = Elapsed time spent in this place.
 B = Non-inter-level travel time spent in this place.
 C = Inter-level travel time spent in this place.
 D = Time resting spent in this place.
 E = Time spent auto-exploring this place.
 F = Levels seen in this place.
 G = Mean time per level.
                   A        B        C        D        E       F      G
               +--------+--------+--------+--------+--------+-----+--------+
         Total |   2115 |   2002 |    113 |      0 |   1748 |   3 |  705.0 |
       Dungeon |   2115 |   2002 |    113 |      0 |   1748 |   3 |  705.0 |
               +--------+--------+--------+--------+--------+-----+--------+

Top non-repeatable levels by time:
     D:1: 1326 daAuts
     D:2: 708 daAuts
     D:3: 81 daAuts
